 Dungeon Crawl Stone Soup version 0.30-a0-802-gb92711bcdf (webtiles) character file.

Game seed: 2503937834614038952

51 EonArisen the Magician (level 3, 0/25 HPs)
             Began as a Demonspawn Hedge Wizard on Feb 24, 2023.
             Slain by a black bear (2 damage)
             ... on level 4 of the Dungeon.
             The game lasted 00:13:22 (1470 turns).

EonArisen the Magician (Demonspawn Hedge Wizard)    Turns: 1470, Time: 00:13:23

Health: 0/25       AC:  6    Str: 10    XL:     3   Next: 58%
Magic:  6/7        EV: 12    Int: 15    God:
Gold:   44         SH:  0    Dex: 14    Spells: 7/8 levels left

rFire   + . .      SeeInvis .    f - +1 dagger (vamp)
rCold   x . .      Faith    .    k - orb {mayhem}
rNeg    + . .      Spirit   .    l - +1 leather armour {rN+}
rPois   +          Reflect  .    c - +0 hat
rElec   .          Harm     .    (no cloak)
rCorr   .          Rampage  .    (no gloves)
Will    .....                    (no boots)
Stlth   ++                       (no amulet)
HPRegen 0.24/turn                e - ring of fire
MPRegen 0.10/turn                j - ring of poison resistance

@: no status effects
A: icy blue scales 1, powered by death 1
a: no special abilities


You were on level 4 of the Dungeon.
You visited 1 branch of the dungeon, and saw 4 of its levels.

You collected 44 gold pieces.

Inventory:

Hand Weapons
 a - a +0 dagger
 f - a +1 vampiric dagger (weapon)
 p - a +0 club
 r - a +0 sling
Missiles
 m - 29 stones
 n - 8 poisoned darts
 q - 3 curare-tipped darts
Armour
 b - a +0 robe
 c - a +0 hat (worn)
 g - a +0 scale mail
 h - a +0 ring mail
 k - an orb of mayhem (worn)
 l - a +1 leather armour of positive energy (worn)
Jewellery
 e - a ring of fire (left hand)
 j - a ring of poison resistance (right hand)
Scrolls
 i - 6 scrolls of identify {unknown}
Potions
 d - a potion of magic
 o - 2 potions of curing
 s - a potion of brilliance {unknown}


   Skills:
 + Level 0.5 Fighting
 + Level 0.5 Short Blades
 + Level 1.1 Armour
 + Level 2.2 Dodging
 + Level 2.0 Stealth
 + Level 3.4 Spellcasting
 + Level 1.0 Conjurations
 + Level 1.0 Summonings
 + Level 1.0 Translocations


You had 7 spell levels left.
You knew the following spells:

 Your Spells              Type           Power      Damage    Failure   Level
a - Magic Dart            Conj           20%        1d4       17%         1

Your spell library contained the following spells:

 Spells                   Type           Power      Damage    Failure   Level
 Slow                     Hex            8%         N/A       26%         1
 Blink                    Tloc           10%        N/A       26%         2
 Call Imp                 Summ           5%         N/A       26%         2
 Cigotuvi's Dreadful Rot  Necr/Pois/Air  4%         N/A       36%         2
 Mephitic Cloud           Conj/Pois/Air  3%         N/A       56%         3


Dungeon Overview and Level Annotations

Branches:
Dungeon (4/15)
 Temple: D:4-7

Altars:


Innate Abilities, Weirdness & Mutations

You are partially covered in icy blue scales. (AC +2)
You regenerate a little health from kills.


Message History

The black bear is lightly wounded.
The black bear bites you! The black bear claws you.
The black bear claws you but does no damage.
The ball python barely misses you. The ball python constricts you.
You escape the ball python's grasp.
The black bear barely misses you. The black bear claws you.
* * * LOW HITPOINT WARNING * * *
The black bear claws you.
* * * LOW HITPOINT WARNING * * *
The ball python barely misses you. x2
Aiming: Magic Dart (safe; 17% risk of failure)
Press: ? - help, Q - select action, (/) - cycle Shift-Dir - straight line, f - black bear
Aim: a black bear (lightly wounded, 100% to hit)
The magic dart hits the black bear.
The black bear is lightly wounded.
The black bear bites you but does no damage.
The black bear claws you but does no damage. x2
The ball python closely misses you. The ball python barely misses you.
The black bear closely misses you. x2; The black bear completely misses you.
The ball python barely misses you. The ball python closely misses you.
The black bear barely misses you. x3
You hit the ball python but do no damage.
The ball python is heavily wounded.
The ball python bites you.
* * * LOW HITPOINT WARNING * * *
The ball python grabs you. The ball python constricts you.
The black bear bites you but does no damage.
The black bear claws you but does no damage.
The black bear claws you.
* * * LOW HITPOINT WARNING * * *
The ball python closely misses you. The ball python constricts you.
You escape the ball python's grasp.
The ball python attacks as you move away!
The ball python bites you but does no damage.
The black bear bites you.
* * * LOW HITPOINT WARNING * * *
The black bear claws you.
* * * LOW HITPOINT WARNING * * *
The black bear claws you.
You die...

# #. #.# #..#
#...# #...##
#.@## ..
##Sh## .#
##o.## .#
##..## ##.#
#.#..###.( <
#..##..##.#
####. #...
##..#.###.!...
.....
##.........#
#.#...
#..........#


You could see a black bear, an orc and a ball python.

Vanquished Creatures
  An adder (D:2)
  2 dart slugs
  2 endoplasms (D:1)
  A giant cockroach (D:2)
  6 hobgoblins
  4 kobolds
  2 quokkas
  4 ball pythons
  7 bats
  4 frilled lizards
  3 goblins
  2 rats
38 creatures vanquished.

Notes
Turn   | Place    | Note
-------+----------+-------------------------------------------
     0 | D:1      | EonArisen the Demonspawn Hedge Wizard began the quest for
                  | the Orb.
     0 | D:1      | Reached XP level 1. HP: 13/13 MP: 4/4
    18 | D:1      | Reached skill level 1 in Translocations
   184 | D:1      | Gained mutation: You are partially covered in icy blue
                  | scales. (AC +2) [demonic ancestry]
   184 | D:1      | Reached XP level 2. HP: 10/19 MP: 6/6
   949 | D:2      | Gained mutation: You regenerate a little health from kills.
                  | [demonic ancestry]
   949 | D:2      | Reached XP level 3. HP: 25/25 MP: 7/7
  1020 | D:2      | Reached skill level 1 in Armour
  1439 | D:4      | Noticed a black bear
  1470 | D:4      | Slain by a black bear

Illustrated notes

Levels and vault maps discovered:
D:1:      ebering_trefoil_3fold, layout_basic
D:2:      layout_basic
D:3:      layout_basic, uniq_sigmund
D:4:      layout_rooms, minmay_temple_entry_junction, serial_curves,
          eino_curves_04, eino_curves_03, eino_curves_02,
          nicolae_ossuary_entry_giza, minmay_quadrilaterals, uniq_edmund,
          uniq_menkaure

Skill      XL: |  1  2  3 |
---------------+----------+-----
Translocations | 1 |  1.0
Dodging        | 2 |  2.2
Armour         | 1 |  1.1
Stealth        | 2 |  2.0
Fighting       | |  0.5
Short Blades   | |  0.5
Spellcasting   | |  3.4
Conjurations   | |  1.0
Summonings     | |  1.0

Action                     || total
---------------------------++-------
  Melee: Dagger            ||   192
         Punch             ||     4
   Cast: Magic Dart        ||    13
    Use: Scroll            ||     4
         Potion            ||     1
 Armour: Ring mail         ||    31
         Leather armour    ||   112
  Dodge: Dodged            ||   203

Table legend: (Time is in decaauts)
 A = Elapsed time spent in this place.
 B = Non-inter-level travel time spent in this place.
 C = Inter-level travel time spent in this place.
 D = Time resting spent in this place.
 E = Time spent auto-exploring this place.
 F = Levels seen in this place.
 G = Mean time per level.
                   A        B        C        D        E       F      G
               +--------+--------+--------+--------+--------+-----+--------+
         Total |   1466 |   1466 |      0 |    144 |      0 |   4 |  366.5 |
       Dungeon |   1466 |   1466 |      0 |    144 |      0 |   4 |  366.5 |
               +--------+--------+--------+--------+--------+-----+--------+

Top non-repeatable levels by time:
     D:1: 716 daAuts
     D:2: 576 daAuts
     D:3: 142 daAuts
     D:4: 30 daAuts
